 Dungeon Crawl Stone Soup version 0.27.0-1-g7a089689b8 (webtiles) character file.

Game seed: 7154468302772628313

119 Sobieck the Grasshopper (level 5, -1/43 HPs)
             Began as a Gnoll Warper on Aug 8, 2021.
             Slain by a black bear (2 damage)
             ... on level 2 of the Dungeon.
             The game lasted 00:05:55 (2989 turns).

Sobieck the Grasshopper (Gnoll Warper)              Turns: 2989, Time: 00:05:56

Health: -1/43      AC:  3    Str: 10    XL:     5   Next: 3%
Magic:  12/12      EV: 16    Int: 14    God:
Gold:   119        SH:  0    Dex: 11    Spells: 12/14 levels left

rFire    + . .     SeeInvis .   a - +0 mace {mace}
rCold    . . .     Faith    .   (no shield)
rNeg     . . .     Spirit   .   s - +0 leather armour
rPois    .         Reflect  .   (no helmet)
rElec    .         Harm     .   (no cloak)
rCorr    .         Rampage  .   (no gloves)
Will     .....                  (no boots)
Stlth    +.........             (no amulet)
HPRegen  0.14/turn              e - ring of protection from fire
MPRegen  0.13/turn              u - +4 ring of evasion

@: no status effects
A: fangs 1, strong nose, distributed training
a: no special abilities


You were on level 2 of the Dungeon.
You visited 1 branch of the dungeon, and saw 3 of its levels.

You collected 119 gold pieces.


Innate Abilities, Weirdness & Mutations

You have very sharp teeth.
Your uncanny sense of smell can sniff out nearby items.
Your experience applies equally to all skills.


   Skills:
 + Level 4.7 Fighting
 + Level 1.3 Short Blades
 + Level 1.3 Long Blades
 + Level 1.3 Axes
 + Level 4.7 Maces & Flails
 + Level 1.3 Polearms
 + Level 1.3 Staves
 + Level 1.3 Slings
 + Level 1.3 Bows
 + Level 1.3 Crossbows
 + Level 2.8 Throwing
 + Level 2.8 Armour
 + Level 4.7 Dodging
 + Level 1.3 Stealth
 + Level 1.3 Shields
 + Level 1.3 Unarmed Combat
 + Level 5.1 Spellcasting
 + Level 1.0 Conjurations
 + Level 1.0 Hexes
 + Level 1.0 Summonings
 + Level 1.0 Necromancy
 + Level 5.5 Translocations
 + Level 1.0 Transmutations
 + Level 1.0 Fire Magic
 + Level 1.0 Ice Magic
 + Level 1.0 Air Magic
 + Level 1.0 Earth Magic
 + Level 1.0 Poison Magic
 + Level 1.4 Invocations
 + Level 1.3 Evocations


You had 12 spell levels left.
You knew the following spells:

 Your Spells              Type           Power      Damage    Failure   Level
a - Blink                 Tloc           N/A        N/A       3%          2

Your spell library contained the following spells:

 Spells                   Type           Power      Damage    Failure   Level
 Gell's Gravitas          Tloc           9%         N/A       7%          3
 Lesser Beckoning         Tloc           9%         N/A       7%          3
 Teleport Other           Tloc           19%        N/A       7%          3
 Manifold Assault         Tloc           19%        N/A       54%         5

Inventory:

Hand Weapons
 a - a +0 mace (weapon) {mace}
 b - a +0 hunting sling {sling}
   (You found it on level 2 of the Dungeon)
Missiles
 d - 5 boomerangs of dispersal {=f!fthrowing}
 f - 36 stones (quivered) {throwing}
 n - 41 arrows
 p - 31 bolts
Armour
 s - a +0 leather armour (worn)
Magical Staves
 i - a staff of conjuration {!a@e2staff}
   (You found it on level 1 of the Dungeon)
 o - a staff of death {!astaff}
   (You found it on level 1 of the Dungeon)
Jewellery
 e - a ring of protection from fire (left hand)
   (You found it on level 1 of the Dungeon)
 u - a +4 ring of evasion (right hand)
   (You found it on level 3 of the Dungeon)
Scrolls
 c - a scroll of blinking {!r}
 h - a scroll of noise {unknown}
 j - a scroll of amnesia {unknown}
 m - a scroll of teleportation {unknown}
 q - a scroll of torment {unknown}
 t - a scroll of magic mapping {unknown}
Potions
 g - a potion of might {unknown}
 k - 2 potions of flight {unknown}
 l - a potion of curing {@q1}
 r - a potion of invisibility {unknown}

Dungeon Overview and Level Annotations

Branches:
Dungeon (3/15)

Altars:
Qazlal

#...##......#######.#####..##
####....##.#.##..........#...#
.†>..........#.........#.#...##
######.....#...........#.##...# #
#....##.#...........#.##.#.# #
#.##.##.#........).<#.##.#[### #
#.##..#.............#.##......
####.###...............#.##......
...........###.h@....#...........
.........................###.....
##.#####...##.>........#).##.....
...#####.#..#..........##<##.....
.........##.#...........#.##†.###
####..#####...........#......##
.#..........#........####.#..####
...###......##......## #.#..#...
...###......###..########.#..#...


You could see a black bear (berserk).


Message History

You hit the jackal. The jackal barely misses you. The jackal misses you.
You sock the jackal!
You kill the jackal!
No target in view!
b - a +0 hunting sling (weapon)
{sling}
There is a stone staircase leading down here.
You climb downwards.
There is a stone staircase leading up here.
Unknown command.
As you open the door, it creaks loudly!
You hear a shout!
Found a stormy altar of Qazlal.
Unknown command.
u - a +4 ring of evasion
u - a +4 ring of evasion (right hand)
A hobgoblin comes into view.
Danger!
You shoot a stone {throwing}. The hobgoblin shouts!
The stone {throwing} hits the hobgoblin.
You shoot a stone {throwing}.
The stone {throwing} barely misses the hobgoblin.
You shoot a stone {throwing}.
The stone {throwing} completely misses the hobgoblin.
You shoot a stone {throwing}.
The stone {throwing} closely misses the hobgoblin.
You shoot a stone {throwing}.
The stone {throwing} hits the hobgoblin.
a - a +0 mace (weapon)
{mace} You barely miss the hobgoblin.
The hobgoblin misses you.
You hit the hobgoblin. The hobgoblin barely misses you.
You hit the hobgoblin.
You kill the hobgoblin!
No target in view!
b - a +0 hunting sling (weapon)
{sling} You see here a hobgoblin corpse.
f - 36 stones {throwing} (gained 1)
f - 37 stones {throwing} (gained 1)
f - 38 stones {throwing} (gained 1)
f - 39 stones {throwing} (gained 1)
There is an open door here.
There is a stormy altar of Qazlal here.
You open the door.
There is an open door here.
k - 2 yellow potions (gained 1)
You open the door.
A black bear comes into view.
There is an open door here.
Danger!
You shoot a stone {throwing}.
The stone {throwing} hits the black bear but does no damage.
No target in view!
No target in view!
Danger!
You shoot a stone {throwing}.
The stone {throwing} hits the black bear.
Danger!
You see here a +0 scale mail.
There is a stone staircase leading up here.
You shoot a stone {throwing}.
The stone {throwing} hits the black bear.
The black bear closely misses you. The black bear barely misses you.
The black bear closely misses you.
You climb upwards.
There is a stone staircase leading down here.
Unknown command.
a - a +0 mace (weapon)
{mace} You hit the black bear but do no damage.
The black bear completely misses you. The black bear closely misses you. x2
The black bear barely misses you. The black bear misses you.
The black bear claws you.
You sock the black bear! The black bear misses you. The black bear claws you.
The black bear closely misses you.
Unknown command.
You sock the black bear! Your bite misses the black bear.
The black bear bites you!
The black bear claws you but does no damage.
The black bear barely misses you.
You completely miss the black bear. The black bear bites you.
The black bear closely misses you. The black bear claws you.
Unknown command.
You hit the black bear. The black bear barely misses you.
The black bear claws you but does no damage.
The black bear misses you.
You hit the black bear. The black bear bites you. The black bear claws you.
The black bear misses you. The black bear bites you.
* * * LOW HITPOINT WARNING * * *
The black bear claws you.
* * * LOW HITPOINT WARNING * * *
The black bear completely misses you.
Unknown command.
You hit the black bear.
The black bear goes berserk!
You hit the black bear but do no damage.
The black bear bites you!
* * * LOW HITPOINT WARNING * * *
The black bear misses you. The black bear closely misses you.
The black bear bites you.
* * * LOW HITPOINT WARNING * * *
The black bear claws you.
You die...

Skill      XL: |  1  2  3  4 |
---------------+-------------+-----
Spellcasting   | 5 |  5.1
Invocations    | 1 |  1.4
Short Blades   | 1 |  1.3
Long Blades    | 1 |  1.3
Axes           | 1 |  1.3
Polearms       | 1 |  1.3
Staves         | 1 |  1.3
Slings         | 1 |  1.3
Bows           | 1 |  1.3
Crossbows      | 1 |  1.3
Stealth        | 1 |  1.3
Shields        | 1 |  1.3
Unarmed Combat | 1 |  1.3
Evocations     | 1 |  1.3
Conjurations   | 1 |  1.0
Hexes          | 1 |  1.0
Summonings     | 1 |  1.0
Necromancy     | 1 |  1.0
Transmutations | 1 |  1.0
Fire Magic     | 1 |  1.0
Ice Magic      | 1 |  1.0
Air Magic      | 1 |  1.0
Earth Magic    | 1 |  1.0
Poison Magic   | 1 |  1.0
Fighting       | |  4.7
Maces & Flails | |  4.7
Throwing       | |  2.8
Armour         | |  2.8
Dodging        | |  4.7
Translocations | |  5.5

Action                   |  1- 3 |  4- 6 || total
-------------------------+-------+-------++-------
Melee: Mace              |   115 |    60 ||   175
       Bite              |     6 |     2 ||     8
 Fire: Hunting sling     |       |    11 ||    11
Throw: Stone             |    55 |    27 ||    82
  Use: Potion            |     1 |       ||     1
Armor: Leather armour    |    57 |    12 ||    69
Dodge: Dodged            |   109 |    59 ||   168

Levels and vault maps discovered:
D:1:      tarquinn_simple_flora_water_e, layout_loops_ring,
          ebering_ecumenical_altar_mist
D:2:      layout_rooms, lemuel_old_faithful
D:3:      layout_basic, mainiacjoe_overflow_surrounded_room

Notes
Turn   | Place    | Note
-------+----------+-------------------------------------------
     0 | D:1      | Sobieck the Gnoll Warper began the quest for the Orb.
     0 | D:1      | Reached XP level 1. HP: 20/20 MP: 6/6
    70 | D:1      | Found a faded altar of an unknown god.
    89 | D:1      | Reached XP level 2. HP: 22/26 MP: 7/7
   595 | D:1      | Reached XP level 3. HP: 27/31 MP: 9/9
   676 | D:1      | Reached skill level 5 in Spellcasting
  1055 | D:2      | Reached skill level 1 in Invocations
  1175 | D:2      | HP: 7/31 [poisoned by an adder]
  1176 | D:2      | HP: 3/31 [adder (3)]
  1178 | D:2      | Reached skill level 1 in Short Blades
  1178 | D:2      | Reached skill level 1 in Long Blades
  1178 | D:2      | Reached skill level 1 in Axes
  1178 | D:2      | Reached skill level 1 in Polearms
  1178 | D:2      | Reached skill level 1 in Staves
  1178 | D:2      | Reached skill level 1 in Slings
  1178 | D:2      | Reached skill level 1 in Bows
  1178 | D:2      | Reached skill level 1 in Crossbows
  1178 | D:2      | Reached skill level 1 in Stealth
  1178 | D:2      | Reached skill level 1 in Shields
  1178 | D:2      | Reached skill level 1 in Unarmed Combat
  1178 | D:2      | Reached skill level 1 in Evocations
  1406 | D:2      | Reached XP level 4. HP: 15/38 MP: 11/11
  1937 | D:2      | Reached skill level 1 in Conjurations
  1937 | D:2      | Reached skill level 1 in Hexes
  1937 | D:2      | Reached skill level 1 in Summonings
  1937 | D:2      | Reached skill level 1 in Necromancy
  1937 | D:2      | Reached skill level 1 in Transmutations
  1937 | D:2      | Reached skill level 1 in Fire Magic
  1937 | D:2      | Reached skill level 1 in Ice Magic
  1937 | D:2      | Reached skill level 1 in Air Magic
  1937 | D:2      | Reached skill level 1 in Earth Magic
  1937 | D:2      | Reached skill level 1 in Poison Magic
  2175 | D:2      | Learned a level 2 spell: Blink
  2587 | D:2      | Reached XP level 5. HP: 43/43 MP: 12/12
  2767 | D:3      | Found a stormy altar of Qazlal.
  2957 | D:3      | Noticed a black bear
  2989 | D:2      | HP: 6/43 [black bear (11)]
  2989 | D:2      | HP: 1/43 [black bear (5)]
  2989 | D:2      | Slain by a black bear

Vanquished Creatures
  3 gnolls (D:2)
  4 adders (D:2)
  A ball python (D:2)
  6 bats
  5 endoplasms
  5 goblins
  4 hobgoblins
  8 jackals
  2 quokkas
  6 frilled lizards
  3 kobolds
  4 rats
51 creatures vanquished.

Table legend:
 A = Non-vault XP
 B = Vault XP
 C = Vault XP percentage of total XP
 D = Non-vault monster count
 E = Vault monster count
 F = Vault count percentage of total count
                 A         B        C        D         E       F
            +---------+---------+-------+---------+---------+-------
      Total |     171 |       0 |   0.0 |      51 |       0 |   0.0
            +---------+---------+-------+---------+---------+-------
        D:1 |      50 |       0 |   0.0 |      28 |       0 |   0.0
        D:2 |     119 |       0 |   0.0 |      22 |       0 |   0.0
        D:3 |       2 |       0 |   0.0 |       1 |       0 |   0.0
            +---------+---------+-------+---------+---------+-------

Illustrated notes

Table legend:
 A = Kills in this place as a percentage of kills in entire the game.
 B = Kills by you in this place as a percentage of kills by you in the entire game.
 C = Kills by friends in this place as a percentage of kills by friends in the entire game.
 D = Other kills in this place as a percentage of other kills in the entire game.
 E = Experience gained in this place as a percentage of experience gained in the entire game.
 F = Experience gained in this place divided by the number of levels of this place that you have seen.
                   A       B       C       D       E      F
               +-------+-------+-------+-------+-------+----------------------
         Total | 100.0 | 100.0 |   N/A |   N/A | 100.0 |  57.0
       Dungeon | 100.0 | 100.0 |   N/A |   N/A | 100.0 |  57.0
               +-------+-------+-------+-------+-------+----------------------

Table legend: (Time is in decaauts)
 A = Elapsed time spent in this place.
 B = Non-inter-level travel time spent in this place.
 C = Inter-level travel time spent in this place.
 D = Time resting spent in this place.
 E = Time spent auto-exploring this place.
 F = Levels seen in this place.
 G = Mean time per level.
                   A        B        C        D        E       F      G
               +--------+--------+--------+--------+--------+-----+--------+
         Total |   3020 |   2991 |     29 |   1109 |   1320 |   3 | 1006.7 |
       Dungeon |   3020 |   2991 |     29 |   1109 |   1320 |   3 | 1006.7 |
               +--------+--------+--------+--------+--------+-----+--------+

Top non-repeatable levels by time:
     D:2: 1423 daAuts
     D:1: 1358 daAuts
     D:3: 238 daAuts
